AoeStats
← Null

Arabia

507771085Analyzed
1v1 RM · 11d ago on Sep 19, 2026· 58m 45s· 2 players
Game mode
Random Map
Map size
Tiny (2 player)
Population
200
Speed
Normal
Resources
Standard
Victory
Conquest
Starting age
Dark Age
Ending age
Imperial Age
RankedLock teamsTeams togetherTeam positionsShared explorationLock speedFull tech treeHidden civsTurbo modeCheats
Victory
Defeat
🇬🇧 Berbers · United Kingdom
1090
+15
🇹🇼 Mongols · Taiwan
1079
-15
Null
8:48 Feudal Age
10:12 Loom
11:58 Double-Bit Axe
12:30 Horse Collar
23:06 Castle Age
21:59 Padded Archer Armor
21:52 Fletching
23:10 Bloodlines
24:55 Bow Saw
29:34 Husbandry
32:07 Wheelbarrow
32:31 Scale Barding Armor
33:34 Heavy Plow
35:12 Padded Archer Armor
37:11 Ballistics
37:34 Light Cavalry
38:36 Hand Cart
39:01 Bodkin Arrow
39:28 Chain Barding Armor
40:24 Leather Archer Armor
41:49 Thumb Ring
42:57 Forging
46:41 Imperial Age
44:56 Gold Mining
47:38 Town Watch
47:55 Bracer
48:28 Parthian Tactics
48:56 Town Patrol
49:35 Iron Casting
49:01 Scale Mail Armor
50:06 Hussar
54:14 Chemistry
53:00 Elite Mangudai
55:15 Murder Holes
55:33 Masonry
58:12 Pikeman
58:37 Arson
59:59 Blast Furnace
59:15 Chain Mail Armor
dDubs
6:15 Loom
9:52 Feudal Age
10:36 Double-Bit Axe
11:21 Horse Collar
19:16 Town Watch
22:52 Castle Age
21:18 Fletching
21:44 Gold Mining
21:57 Padded Archer Armor
23:02 Elite Skirmisher
23:38 Bodkin Arrow
23:16 Pikeman
24:57 Bodkin Arrow
26:24 Scale Mail Armor
28:14 Ballistics
28:19 Chain Mail Armor
29:12 Bow Saw
30:26 Wheelbarrow
30:46 Leather Archer Armor
33:59 Scale Barding Armor
33:59 Stone Mining
34:45 Bloodlines
34:49 Forging
37:07 Hand Cart
38:07 Gold Shaft Mining
41:15 Imperial Age
39:38 Chain Barding Armor
39:54 Iron Casting
39:58 Husbandry
41:04 Masonry
40:31 Light Cavalry
41:20 Cavalier
42:36 Plate Barding Armor
43:08 Chemistry
42:49 Heavy Camel Rider
44:31 Blast Furnace
44:09 Bracer
45:17 Chemistry
45:35 Hussar
47:36 Conscription
47:14 Elite Camel Archer
48:53 Stone Shaft Mining
49:05 Kasbah
49:08 Maghrebi Camels
50:50 Ring Archer Armor
50:45 Siege Engineers
51:10 Heavy Plow
53:34 Hoardings
55:45 Hoardings
57:39 Treadmill Crane
Connection lost

Rejoining the realm…

Still unreachable

The connection could not be restored.

Session expired

The server has moved on; the page needs a fresh start.